 Dungeon Crawl Stone Soup version 0.19.5 (webtiles) character file.

842 tidbits the Conjurer (level 7, -5/45 HPs)
             Began as a High Elf Wanderer on Oct 29, 2017.
             Was a Priest of Uskayaw.
             Slain by a hippogriff (7 damage)
             ... on level 7 of the Dungeon.
             The game lasted 00:25:34 (2726 turns).

tidbits the Conjurer (High Elf Wanderer)            Turns: 2726, Time: 00:25:35

Health: -5/45      AC:  5    Str: 11    XL:     7   Next: 67%
Magic:  4/13       EV: 18    Int: 18    God:    Uskayaw [***...]
Gold:   38         SH:  0    Dex: 20    Spells: 7 memorised, 0 levels left

rFire  . . .     SeeInvis +     G - +0 long sword
rCold  + . .     Gourm    .     B - +0 leather armour
rNeg   . . .     Faith    .     (no shield)
rPois  .         Spirit   .     (no helmet)
rElec  .         Reflect  .     C - +1 cloak
rCorr  .         Harm     .     (no gloves)
MR     .....                    (no boots)
Stlth  +++.......               (no amulet)
                                w - ring of protection from cold
                                I - ring of see invisible

@: agile, very slightly contaminated, repel missiles
A: no striking features
a: Stomp, Line Pass, Renounce Religion


You were on level 7 of the Dungeon.
You worshipped Uskayaw.
Uskayaw was noncommittal.
You were not hungry.

You visited 2 branches of the dungeon, and saw 8 of its levels.

You collected 236 gold pieces.
You spent 198 gold pieces at shops.

Inventory:

Hand Weapons
 a - a +0 hunting sling
   (You took it off a goblin on level 2 of the Dungeon)
 k - a +1 dagger
 A - a +0 rapier
   (You found it on level 4 of the Dungeon)
 D - a +3 quarterstaff of chaos
   (You took it off Crazy Yiuf on level 4 of the Dungeon)
 F - a +0 dagger of protection
   (You found it on level 4 of the Dungeon)
 G - a +0 long sword (weapon)
   (You bought it in a shop on level 6 of the Dungeon)
Missiles
 b - 37 arrows
 e - 24 sling bullets
 g - 94 stones (quivered)
 y - 13 bolts
 K - 2 throwing nets {!f}
Armour
 d - a +0 robe
 B - a +0 leather armour (worn)
   (You found it on level 1 of the Dungeon)
 C - a +1 cloak (worn)
   (You took it off Crazy Yiuf on level 4 of the Dungeon)
 E - a +0 cloak
   (You found it on level 1 of the Dungeon)
Jewellery
 w - a ring of protection from cold (right hand)
   (You found it on level 3 of the Dungeon)
 I - a ring of see invisible (left hand)
   (You found it on level 2 of the Dungeon)
Wands
 n - a wand of lightning (0/15)
   (You found it on level 5 of the Dungeon)
Scrolls
 i - a scroll of fog {unknown}
 j - a scroll of random uselessness
 l - 2 scrolls of enchant weapon
 p - 3 scrolls of amnesia
 t - 4 scrolls of teleportation
 u - a scroll of recharging {unknown}
 x - 3 scrolls of remove curse
 J - a scroll of magic mapping
Potions
 h - a potion of agility
 o - a potion of curing
 q - a potion of degeneration
 r - a potion of mutation {!q}
 s - a potion of heal wounds
 v - a potion of brilliance {unknown}
Books
 c - the Catalogue of Confrontation

   Spells                             Type                      Level
   a - Shock                          Conjuration/Air              1
   b - Stone Arrow                    Conjuration/Earth            3
 m - a book of Air

   Spells                             Type                      Level
   a - Shock                          Conjuration/Air              1
   b - Swiftness                      Charms/Air                   2
   c - Repel Missiles                 Charms/Air                   2
   d - Static Discharge               Conjuration/Air              3
   e - Lightning Bolt                 Conjuration/Air              5
 H - a book of Cantrips
   (You found it on level 6 of the Dungeon)

   Spells                             Type                      Level
   a - Confusing Touch                Hexes                        1
   b - Animate Skeleton               Necromancy                   1
   c - Summon Small Mammal            Summoning                    1
   d - Apportation                    Translocation                1
Comestibles
 f - 4 bread rations
 z - a slice of pizza


   Skills:
 + Level 2.6 Fighting
 + Level 2.8 Dodging
 - Level 1.1 Stealth
   Level 1.0 Shields
 - Level 3.5 Spellcasting
 - Level 6.8 Conjurations
   Level 1.0 Summonings
   Level 2.0 Fire Magic
 - Level 5.9 Air Magic


You couldn't memorise any spells.
You knew the following spells:

 Your Spells              Type           Power        Failure   Level  Hunger
a - Shock                 Conj/Air       ####         1%          1    None
d - Static Discharge      Conj/Air       ####....     6%          3    ###....
m - Repel Missiles        Chrm/Air       ##....       12%         2    ##.....
n - Animate Skeleton      Necr           N/A          24%         1    None
p - Apportation           Tloc           #.........   24%         1    None
s - Stone Arrow           Conj/Erth      ###...       17%         3    ###....
W - Swiftness             Chrm/Air       ##......     12%         2    ##.....


Dungeon Overview and Level Annotations

Branches:
Dungeon (7/15)             Temple (1/1) D:5

Altars:
Ashenzari
Dithmenos
Elyvilon
Gozag
Hepliaklqana
Kikubaaqudgha
Sif Muna
Trog
Uskayaw
Xom
Jiyva

Shops:
D:6 *(   D:7 [=?


Message History

Okay, then.
Found 14 poisoned needles.
Found a potion of agility.
You see here 2 throwing nets {!f}.
K - 2 throwing nets {!f} You see here a potion of agility.
h - 2 potions of agility (gained 1)
An adder and a hippogriff come into view.
The hippogriff screeches!
Found a potion of curing.
The adder hisses angrily.
Casting: Shock
Confirm with . or Enter, or press ? or * to list all spells.
Aiming: Shock
Press: ? - help, Shift-Dir - straight line, f - hippogriff
Aim: a hippogriff
Okay, then.
Casting: Shock
Confirm with . or Enter, or press ? or * to list all spells.
Aiming: Shock
Press: ? - help, Shift-Dir - straight line, f - adder
Aim: an adder The zap hits the adder.
The adder is heavily wounded.
Casting: Shock
Confirm with . or Enter, or press ? or * to list all spells.
Aiming: Shock
Press: ? - help, Shift-Dir - straight line, f - hippogriff, p - adder
Aim: a hippogriff The zap misses the adder.
The zap hits the hippogriff.
The hippogriff is lightly wounded.
Casting: Shock
Confirm with . or Enter, or press ? or * to list all spells.
Aiming: Shock
Press: ? - help, Shift-Dir - straight line, p - hippogriff The zap misses the adder.
The zap hits the adder.
The adder is severely wounded.
The adder bites you.
Casting: Shock
Confirm with . or Enter, or press ? or * to list all spells.
Aiming: Shock
Press: ? - help, Shift-Dir - straight line The zap hits the adder.
You kill the adder!
You can now pass through a line of other dancers.
Casting: Shock
Confirm with . or Enter, or press ? or * to list all spells.
Aiming: Shock
Press: ? - help, Shift-Dir - straight line, f - hippogriff
Aim: a hippogriff (lightly wounded)
The zap hits the hippogriff.
The hippogriff is moderately wounded.
Casting: Shock
Confirm with . or Enter, or press ? or * to list all spells.
Aiming: Shock
Press: ? - help, Shift-Dir - straight line, p - hippogriff The zap hits the hippogriff.
The hippogriff is moderately wounded.
The zap hits the hippogriff.
The hippogriff is moderately wounded.
The hippogriff bites you.
The hippogriff pecks you but does no damage.
The hippogriff claws you.
Casting: Shock
Confirm with . or Enter, or press ? or * to list all spells.
You miscast Static Discharge.
You are very lightly contaminated with residual magic.
Sparks of electricity dance between your hands.
The hippogriff bites you but does no damage.
The hippogriff barely misses you.
The hippogriff claws you but does no damage.
You feel agile all of a sudden. The hippogriff bites you!
* * * LOW HITPOINT WARNING * * *
The hippogriff closely misses you. The hippogriff completely misses you.
Casting: Static Discharge
Confirm with . or Enter, or press ? or * to list all spells.
Aiming: Shock
Press: ? - help, Shift-Dir - straight line The zap hits the hippogriff.
The hippogriff is moderately wounded.
The zap hits the hippogriff.
The hippogriff is heavily wounded.
The hippogriff bites you but does no damage.
The hippogriff pecks you but does no damage.
The hippogriff claws you.
* * * LOW HITPOINT WARNING * * *
Uskayaw will force your foes to helplessly watch your dance.
Uskayaw prepares the audience for your solo!
The helpless hippogriff fails to defend itself.
You slash the hippogriff!
The hippogriff is severely wounded.
The hippogriff is no longer paralysed.
The hippogriff bites you!
* * * LOW HITPOINT WARNING * * *
The hippogriff pecks you.
* * * LOW HITPOINT WARNING * * *
The hippogriff claws you.
* * * LOW HITPOINT WARNING * * *
The hippogriff bites you!
You die...

##......## #......# ###
#......# ######...##
#....∩.###.........# ##
#..................##
..#####...................#
............(.............#
..........................##
...........##H@............#
........H.####.......(.....#
.........## ##............#
........## ##...........#
!.......# ##..........#
.......## ##........##
....#.# #........# ... ..
##.......# .. .#. ##.....##


You could see a hippogriff.

Vanquished Creatures
  Purgy (D:3)
  2 phantoms
  An ogre (D:5)
  The ghost of tidbits the Grave Robber, an amateur HENe (D:4)
  A bullfrog (D:6)
  A scorpion (D:4)
  Crazy Yiuf (D:4)
  A hound (D:5)
  An orc wizard (D:4)
  An iguana (D:5)
  3 gnolls (D:5)
  7 adders
  2 oozes
  An adder skeleton (D:4)
  A worm (D:4)
  3 dart slugs
  2 leopard geckos
  7 orcs
  4 giant cockroaches
  13 goblins
  10 hobgoblins
  A quokka (D:6)
  4 bats
  5 frilled lizards
  A jackal zombie (D:5)
  2 kobolds
  6 rats
  A fungus (D:4)
84 creatures vanquished.

Notes
Turn   | Place    | Note
-------+----------+-------------------------------------------
     0 | D:1      | tidbits the High Elf Wanderer began the quest for the Orb.
     0 | D:1      | tidbits set off with: a book of Air, a scroll of teleportation, the Catalogue of Confrontation, a +0 robe, a +0 dagger, a bread ration
     0 | D:1      | Reached XP level 1. HP: 11/11 MP: 2/2
     0 | D:1      | Identified the Catalogue of Confrontation
   186 | D:1      | Learned a level 1 spell: Shock
   300 | D:2      | Reached skill level 1 in Spellcasting
   384 | D:2      | Reached XP level 2. HP: 17/17 MP: 0/4
   388 | D:2      | Learned a level 2 spell: Swiftness
   440 | D:2      | Reached skill level 2 in Air Magic
   664 | D:3      | You fall through a shaft for 3 floors!
   664 | D:6      | Noticed a phantom
   677 | D:6      | Noticed a crimson imp
   680 | D:6      | Noticed a gargoyle
   686 | D:6      | Found an ancient bone altar of Kikubaaqudgha.
   698 | D:6      | Noticed a crimson imp
   762 | D:6      | Found a shadowy altar of Dithmenos.
   790 | D:6      | Found a deep blue altar of Sif Muna.
   857 | D:5      | Entered Level 5 of the Dungeon
   891 | D:5      | Found a staircase to the Ecumenical Temple.
   900 | Temple   | Entered the Ecumenical Temple
  1016 | D:5      | Noticed an ogre
  1036 | D:5      | Reached XP level 3. HP: 21/21 MP: 3/6
  1038 | D:5      | Killed an ogre
  1038 | D:5      | Reached skill level 2 in Spellcasting
  1038 | D:5      | Reached skill level 5 in Conjurations
  1038 | D:5      | Reached skill level 3 in Air Magic
  1038 | D:5      | Reached XP level 4. HP: 27/27 MP: 1/8
  1044 | D:5      | Learned a level 3 spell: Static Discharge
  1068 | D:5      | Noticed a sky beast
  1206 | D:3      | Noticed Purgy
  1222 | D:3      | Killed Purgy
  1222 | D:3      | Reached skill level 4 in Air Magic
  1222 | D:3      | Reached XP level 5. HP: 15/31 MP: 5/10
  1439 | D:3      | Noticed a hand axe
  1439 | D:3      | Noticed a hand axe
  1456 | D:3      | Found a hide-covered altar of Uskayaw.
  1463 | D:3      | Became a worshipper of Uskayaw the Reveler
  1469 | D:3      | Reached * piety under Uskayaw
  1567 | D:3      | Reached XP level 6. HP: 34/36 MP: 9/11
  1702 | D:3      | Found an opulent altar of Gozag.
  1791 | D:5      | Reached skill level 3 in Spellcasting
  1796 | D:5      | Reached ** piety under Uskayaw
  1798 | D:5      | Reached skill level 6 in Conjurations
  1806 | D:5      | Learned a level 2 spell: Repel Missiles
  1852 | D:5      | Reached skill level 5 in Air Magic
  2070 | D:4      | Found a runed door.
  2074 | D:4      | Noticed Crazy Yiuf
  2079 | D:4      | Killed Crazy Yiuf
  2137 | D:4      | Noticed tidbits's ghost (amateur HENe)
  2150 | D:4      | Killed tidbits's ghost
  2154 | D:4      | Reached XP level 7. HP: 41/41 MP: 6/13
  2170 | D:4      | Reached *** piety under Uskayaw
  2369 | D:5      | Reached skill level 1 in Fighting
  2369 | D:5      | Reached skill level 1 in Dodging
  2533 | D:6      | Learned a level 3 spell: Stone Arrow
  2550 | D:6      | Found Jiops's Antique Weapon Shop.
  2575 | D:6      | Bought a long sword for 84 gold pieces
  2590 | D:6      | Reached skill level 2 in Fighting
  2590 | D:6      | Reached skill level 2 in Dodging
  2595 | D:6      | Found Uffube's Assorted Antiques.
  2634 | D:6      | Learned a level 1 spell: Apportation
  2636 | D:6      | Learned a level 1 spell: Animate Skeleton
  2655 | D:7      | Found Taggaunk's Antique Armour Shop.
  2656 | D:7      | Found Putuxt's Jewellery Shoppe.
  2666 | D:7      | Found Plog's Magic Scroll Shop.
  2679 | D:7      | Bought a scroll of magic mapping for 42 gold pieces
  2679 | D:7      | Bought a scroll of teleportation for 36 gold pieces
  2679 | D:7      | Bought a scroll of teleportation for 36 gold pieces
  2708 | D:7      | Noticed a hippogriff
  2726 | D:7      | HP: 2/45 [hippogriff (6)]
  2726 | D:7      | Slain by a hippogriff

Skill      XL: |  1  2  3  4  5  6  7 |
---------------+----------------------+-----
Spellcasting   | 1 2 3 |  3.5
Air Magic      | 2 3 4 5 |  5.9
Conjurations   | 5 6 |  6.8
Fighting       | 2 |  2.6
Dodging        | 2 |  2.8
Stealth        | |  1.1
Shields        | |  1.0
Summonings     | |  1.0
Fire Magic     | |  2.0

Action                   |  1- 3 |  4- 6 |  7- 9 || total
-------------------------+-------+-------+-------++-------
Melee: Dagger            |    18 |    47 |    10 ||    75
       Long sword        |       |       |     2 ||     2
Throw: Stone             |     5 |       |       ||     5
 Cast: Shock             |    29 |    72 |    38 ||   139
       Static Discharge  |       |     3 |     1 ||     4
       Repel Missiles    |       |     1 |       ||     1
       Swiftness         |       |       |     1 ||     1
Evoke: Wand              |     1 |     2 |       ||     3
  Use: Scroll            |     3 |     5 |     2 ||    10
       Potion            |     1 |       |     1 ||     2
 Stab: Sleeping          |     3 |     1 |     2 ||     6
       Paralysed         |       |       |     2 ||     2
  Eat: Beef jerky        |     1 |       |       ||     1
       Chunk             |       |     4 |     2 ||     6
Armor: Leather armour    |    12 |    19 |    12 ||    43
Dodge: Dodged            |    28 |    25 |    17 ||    70
       Rpst.: Long sword |       |       |     4 ||     4

Table legend:
 A = Turns spent in this place as a percentage of turns spent in the entire game.
 B = Non-inter-level travel turns spent in this place as a percentage of non-inter-level travel turns spent in the entire game.
 C = Inter-level travel turns spent in this place as a percentage of turns spent in this place.
 D = Turns resting spent in this place as a percentage of non-inter-level travel turns spent in this place.
 E = Turns spent auto-exploring this place as a percentage of non-inter-level travel turns spent in this place.
 F = Non-inter-level travel turns spent in this place divided by the number of levels of this place that you've seen.
                   A       B       C       D       E      F
               +-------+-------+-------+-------+-------+----------------------
         Total | 100.0 | 100.0 |   0.0 |   0.0 |   0.0 | 328.0
       Dungeon |  96.6 |  96.6 |   0.0 |   0.0 |   0.0 | 362.3
        Temple |   3.4 |   3.4 |   1.1 |   0.0 |   0.0 |  88.0
               +-------+-------+-------+-------+-------+----------------------

Table legend:
 A = Kills in this place as a percentage of kills in entire the game.
 B = Kills by you in this place as a percentage of kills by you in the entire game.
 C = Kills by friends in this place as a percentage of kills by friends in the entire game.
 D = Other kills in this place as a percentage of other kills in the entire game.
 E = Experience gained in this place as a percentage of experience gained in the entire game.
 F = Experience gained in this place divided by the number of levels of this place that you have seen.
                   A       B       C       D       E      F
               +-------+-------+-------+-------+-------+----------------------
         Total | 100.0 | 100.0 |  -nan |  -nan | 100.0 | 150.5
       Dungeon | 100.0 | 100.0 |  -nan |  -nan | 100.0 | 172.0
               +-------+-------+-------+-------+-------+----------------------

Vault maps used:
D:1:      doesnt_arrival_eight_statues
D:3:      dancing_weapons_uskayaw, grunt_gozag_statues, first_bread,
          minmay_goblin_outpost, uniq_robin, uniq_purgy
D:4:      kennysheep_the_goblin_king, lemuel_coloured_pillars_altar,
          uniq_crazy_yiuf_cottage
D:5:      minitemple, minmay_temple_entry_overgrown
D:6:      old_standard_altar, nicolae_overflow_hidden_temple, kennysheep_mini,
          serial_shops, shop, nicolae_shop_statue_plus,
          corexii_leaking_fountain, lemuel_tele_altar
D:7:      serial_shops, shop, shop, shop, shop_scrolls, lightli_corner_chamber
Temple:   pf_slime_end_temple
